 Dungeon Crawl Stone Soup version 0.31.0-2-g5a2aebc5c2 (webtiles) character file.

Game seed: 13911520668602842863

1973287 Ofeo the Hawkeye (level 27, 309/312 HPs)
             Began as an Oni Shapeshifter on Jan 20, 2024.
             Was a High Priest of Okawaru.
             Escaped with the Orb
             ... and 4 runes!
             The game lasted 03:30:27 (93153 turns).

Ofeo the Hawkeye (Oni Shapeshifter)                Turns: 93153, Time: 03:30:27

Health: 309/312    AC: 21    Str: 34    XL:     27
Magic:  47/47      EV: 21    Int:  6    God:    Okawaru [*****.]
Gold:   3305       SH:  5    Dex: 19    Spells: 28/38 levels left

rFire   + . .        b - +9 giant spiked club (heavy)
rCold   + + +        (shield currently unavailable)
rNeg    . . .        Y - +7 faerie dragon scales {rF+ rCorr Str+4 Int+2 Dex-3}
rPois   .            w - +0 mask of the Dragon {Will+ Slay+3 SInv}
rElec   .            d - +2 cloak {Will+}
rCorr   +            (gloves unavailable)
SInv    +            (boots unavailable)
Will    +++++        D - amulet of Roulyrph {Reflect *Corrode rC+++ Will+ Int-2 Slay+4 SH+5}
Stlth   +            F - ring "Yjatunt" {MP+9 Dex+4 Slay+5}
HPRegen 0.72/turn    X - ring of the Ancients {rCorr AC+4 Int-5 Dex+4}
MPRegen 0.30/turn

%: corrode self (3%), reflection
@: no status effects
A: large, unfitting armour, horns 1, tough skin 1, double potion healing,
drunken brawling, talons 1, deformed body, deterioration 1, screaming 1, sturdy
frame 1
0: Orb of Zot
}: 4/15 runes: decaying, slimy, silver, gossamer
a: Renounce Religion, Heroism, Finesse, Duel


You escaped.
You worshipped Okawaru.
Okawaru was extremely pleased with you.
You visited 10 branches of the dungeon, and saw 52 of its levels.
You also visited: Trove, Bailey, Gauntlet and Ice Cave.

You collected 8513 gold pieces.
You spent 5208 gold pieces at shops.

Inventory:

Hand Weapons
 a - a +9 spectral giant spiked club
 b - a +9 heavy giant spiked club (weapon)
 c - the +7 great mace "Firestarter" {flame, immolate, rFlCloud rF++}
   (Okawaru gifted it to you on level 1 of the Lair of Beasts)

   rFlCloud:  It grants immunity to clouds of flame.
   rF++:      It greatly protects you from fire.
 z - a +2 eveningstar of flaming
Missiles
 k - 18 atropa-tipped darts
 o - 61 boomerangs
 y - 11 curare-tipped darts
 C - 24 javelins
 H - 2 throwing nets
 K - 66 large rocks (quivered)
 Z - 18 silver javelins
Armour
 d - a +2 cloak of willpower (worn)
 w - the +0 mask of the Dragon (worn) {Will+ Slay+3 SInv}
   (You found it on level 5 of the Pits of Slime)

   Slay+3:    It affects your accuracy & damage with ranged weapons and melee
   (+3).
   Will+:     It increases your willpower.
   SInv:      It lets you see invisible.
 J - the +5 moon troll leather armour {Spirit, Regen++ MP+5}
   (You bought it in a shop on level 6 of the Dungeon)

   MP+5:      It affects your magic capacity (+5).
   Regen++:   It increases your rate of health regeneration.
 L - +0 gold dragon scales
 Y - the +7 faerie dragon scales (worn) {rF+ rCorr Str+4 Int+2 Dex-3}
   (You took it off the Enchantress on level 4 of the Depths)

   Str+4:     It affects your strength (+4).
   Int+2:     It affects your intelligence (+2).
   Dex-3:     It affects your dexterity (-3).
   rF+:       It protects you from fire.
   rCorr:     It protects you from acid and corrosion.
Jewellery
 B - the ring "Oqecuy" {^Contam Fly rElec rCorr Dex+2}
   (You found it in a Gauntlet)

   [ring of flight]

   Dex+2:     It affects your dexterity (+2).
   rElec:     It insulates you from electricity.
   Fly:       It grants you flight.
   ^Contam:   It causes magical contamination when unequipped.
   rCorr:     It protects you from acid and corrosion.
 D - the amulet of Roulyrph (around neck) {Reflect *Corrode rC+++ Will+ Int-2 Slay+4 SH+5}
   (You found it on level 2 of the Elven Halls)

   [amulet of reflection]

   Reflect:   It reflects blocked missile attacks.
   Int-2:     It affects your intelligence (-2).
   Slay+4:    It affects your accuracy & damage with ranged weapons and melee
   (+4).
   rC+++:     It renders you almost immune to cold.
   Will+:     It increases your willpower.
   *Corrode:  It may corrode you when you take damage.
   SH+5:      It affects your SH (+5).
 F - the ring "Yjatunt" (left hand) {MP+9 Dex+4 Slay+5}
   (You found it on level 5 of the Vaults)

   [ring of magical power]

   Dex+4:     It affects your dexterity (+4).
   Slay+5:    It affects your accuracy & damage with ranged weapons and melee
   (+5).
   MP+9:      It affects your magic capacity (+9).
 X - the ring of the Ancients (right hand) {rCorr AC+4 Int-5 Dex+4}
   (You found it on level 2 of the Elven Halls)

   [ring of protection]

   AC+4:      It affects your AC (+4).
   Int-5:     It affects your intelligence (-5).
   Dex+4:     It affects your dexterity (+4).
   rCorr:     It protects you from acid and corrosion.
Wands
 t - a wand of digging (20) {@v1}
 M - a wand of acid (15) {@v2}
 S - a wand of mindburst (29)
 W - a wand of roots (71)
Scrolls
 i - 4 scrolls of enchant armour
 n - 14 scrolls of teleportation {@r3}
 p - 10 scrolls of poison
 u - 6 scrolls of fog
 E - 7 scrolls of immolation
 G - 2 scrolls of silence
 N - 5 scrolls of blinking {@r4}
 O - a scroll of vulnerability
 P - 5 scrolls of revelation
 T - a scroll of enchant weapon
Potions
 e - 4 potions of enlightenment
 f - 2 potions of magic
 g - 9 potions of brilliance
 h - 6 potions of heal wounds {@q2}
 j - 5 potions of cancellation
 l - 4 potions of lignification
 m - 5 potions of might {@q4}
 q - 11 potions of curing {@q1}
 r - a potion of resistance {@q6}
 s - 4 potions of haste {@q3}
 x - 10 potions of mutation
 A - 2 potions of ambrosia
 I - 6 potions of invisibility
 R - 6 potions of berserk rage
 U - 9 potions of attraction
Miscellaneous
 v - a phial of floods
 Q - a lightning rod (4/4)
 V - a condenser vane


   Skills:
 - Level 24.4 Fighting
 - Level 22.0 Maces & Flails
 + Level 26.5 Throwing
 - Level 10.8 Armour
 - Level 17.3 Dodging
 - Level 2.8 Unarmed Combat
 - Level 6.0 Spellcasting
 - Level 8.0 Hexes
 - Level 8.0 Translocations
 - Level 22.0 Invocations
 - Level 8.0 Evocations
 - Level 7.0 Shapeshifting


You had 28 spell levels left.
You knew the following spells:

 Your Spells              Type           Power      Damage    Failure   Level
a - Blink                 Tloc           22%        N/A       1%          2
b - Dimensional Bullseye  Hex/Tloc       5%         N/A       11%         4
c - Vhi's Electric Charg  Tloc/Air       12%        N/A       47%         4

Your spell library contained the following spells:

 Spells                   Type           Power      Damage    Failure   Level
 Apportation              Tloc           22%        N/A       1%          1
 Jinxbite                 Hex            22%        N/A       1%          2
 Confusing Touch          Hex            11%        N/A       3%          3
 Gell's Gravitas          Tloc           11%        N/A       3%          3
 Sigil of Binding         Hex            11%        N/A       3%          3
 Teleport Other           Tloc           11%        N/A       3%          3
 Ensorcelled Hibernation  Hex/Ice        12%        N/A       9%          2
 Inner Flame              Hex/Fire       6%         N/A       16%         3
 Foxfire                  Conj/Fire      4%         2x1d4     28%         1
 Kiss of Death            Conj/Necr      4%         2d5       28%         1
 Magic Dart               Conj           4%         1d3       28%         1
 Necrotise                Necr           4%         1d4       28%         1
 Shock                    Conj/Air       4%         1d3       28%         1
 Sting                    Conj/Alch      4%         1d3       28%         1
 Cigotuvi's Dreadful Rot  Necr/Alch/Air  2%         N/A       38%         2
 Scorch                   Fire           2%         2d5       38%         2
 Static Discharge         Conj/Air       2%         3-4/arc   38%         2
 Sublimation of Blood     Necr           1%         N/A       38%         2
 Anguish                  Hex/Necr       3%         N/A       47%         4
 Iskenderun's Mystic Bla  Conj/Tloc      6%         2d4       47%         4
 Frozen Ramparts          Ice            2%         1d1       63%         3
 Hailstorm                Conj/Ice       1%         3d5       63%         3
 Ozocubu's Armour         Ice            1%         N/A       63%         3
 Stone Arrow              Conj/Erth      2%         3d7       63%         3
 Swiftness                Air            1%         N/A       63%         3
 Vampiric Draining        Necr           1%         2d6       63%         3
 Metabolic Englaciation   Hex/Ice        3%         N/A       83%         5
 Dispersal                Tloc           5%         N/A       85%         6
 Airstrike                Air            0%         2d(1-17)  95%         4
 Dispel Undead            Necr           1%         3d6       95%         4
 Flame Wave               Conj/Fire      1%         2d4       95%         4
 Ignite Poison            Fire/Alch      1%         N/A       95%         4
 Leda's Liquefaction      Alch/Erth      0%         N/A       95%         4
 Olgreb's Toxic Radiance  Alch           1%         N/A       95%         4
 Petrify                  Alch/Erth      1%         N/A       95%         4
 Sticky Flame             Fire/Alch      1%         2d4       95%         4
 Alistair's Intoxication  Alch           0%         N/A       100%        5
 Arcjolt                  Conj/Air       0%         1d10      100%        5
 Borgnjor's Vile Clutch   Necr/Erth      0%         N/A       100%        5
 Fireball                 Conj/Fire      0%         3d3       100%        5
 Freezing Cloud           Conj/Ice/Air   0%         6-21      100%        5
 Irradiate                Conj/Alch      0%         3d11      100%        5
 Lee's Rapid Deconstruct  Erth           0%         3d4*      100%        5
 Bombard                  Conj/Erth      0%         9d1       100%        6
 Conjure Ball Lightning   Conj/Air       0%         3x3d6     100%        6
 Eringya's Noxious Bog    Alch           0%         4d6       100%        6
 Plasma Beam              Fire/Air       0%         2x1d10    100%        6
 Starburst                Conj/Fire      0%         6d3       100%        6
 Orb of Destruction       Conj           0%         9d5       100%        7
 Ozocubu's Refrigeration  Ice            0%         4d7       100%        7
 Borgnjor's Revivificati  Necr           0%         N/A       100%        8
 Discord                  Hex            5%         N/A       100%        8
 Disjunction              Tloc           5%         N/A       100%        8
 Ignition                 Fire           0%         3d3       100%        8
 Lehudib's Crystal Spear  Conj/Erth      0%         10d2      100%        8
 Maxwell's Capacitive Co  Air            0%         ∞         100%        8
 Chain Lightning          Conj/Air       0%         2d1       100%        9
 Death's Door             Necr           0%         N/A       100%        9
 Polar Vortex             Ice            0%         N/A       100%        9
 Tukima's Dance           Hex            Unusable   N/A       N/A         3
 Summon Small Mammal      Summ           Unusable   N/A       N/A         1
 Call Imp                 Summ           Unusable   N/A       N/A         2
 Call Canine Familiar     Summ           Unusable   N/A       N/A         3
 Summon Ice Beast         Ice/Summ       Unusable   N/A       N/A         3
 Summon Mana Viper        Hex/Summ       Unusable   N/A       N/A         5
 Animate Armour           Summ/Erth      Unusable   N/A       N/A         4
 Summon Lightning Spire   Summ/Air       Unusable   N/A       N/A         4
 Sculpt Simulacrum        Ice/Alch       Unusable   N/A       N/A         6
 Summon Cactus Giant      Summ           Unusable   N/A       N/A         6
 Haunt                    Necr/Summ      Unusable   N/A       N/A         7
 Malign Gateway           Summ/Tloc      Unusable   N/A       N/A         7
 Spellforged Servitor     Conj/Summ      Unusable   N/A       N/A         7
 Summon Hydra             Summ           Unusable   N/A       N/A         7
 Dragon's Call            Summ           Unusable   N/A       N/A         9

Dungeon Overview and Level Annotations

Branches:
Dungeon (15/15)            Temple (0/1) D:6            Lair (5/5) D:9
  Swamp (4/4) Lair:2       Spider (4/4) Lair:3        Slime (5/5) Lair:5
    Orc (2/2) D:9             Elf (3/3) Orc:2        Vaults (5/5) D:14
  Crypt (0/3) Vaults:3     Depths (4/4) D:15            Zot (5/5) Depths:4
 Bailey (visited)           IceCv (visited)         Gauntlet (visited)

Altars:
Cheibriados
Dithmenos
Elyvilon
Fedhas
Gozag
Hepliaklqana
Kikubaaqudgha
Nemelex Xobeh
Okawaru
Ru
Wu Jian
Xom
Zin
The Shining One
Jiyva

Shops:
D:5 *   D:6 ?[*[(   D:11 !   Orc:2 !*[(   Elf:2 =   Elf:3 *   Vaults:1 [
Vaults:4 :   Vaults:5 ??(   Depths:1 ?!

Portals:
Hell: Depths:1 Depths:2 Depths:3 Depths:4
Abyss: Depths:3
Pandemonium: Depths:2
Ziggurat: Depths:2

Annotations:
D:4 exclusion: downstairs
D:8 Jeremiah
Lair:1 exclusion: oklob plant
Lair:2 1 runed translucent door, Qoesoec's ghost, journeyman GrFi
Vaults:2 36 runed translucent doors, exclusion: 36 doors
Depths:4 1 runed translucent door, strangelove's ghost, master GrEE


Innate Abilities, Weirdness & Mutations

You are too large for most types of armour.
You have a pair of small horns on your head.
You have tough skin. (AC +1)
You gain doubled healing and magic from potions.
Whenever you drink a healing potion, you attack all around you.
You have sharp toenails.
Armour fits poorly on your strangely shaped body.
Your body sometimes deteriorates upon taking damage.
You occasionally shout uncontrollably at your foes.
Your movements are slightly less encumbered by armour. (ER -2)


Message History

You kill the sixfirhy!
Okawaru accepts your kill.
A sixfirhy comes into view.
The sixfirhy closely misses you. The sixfirhy barely misses you.
You barely miss the sixfirhy. You claw the sixfirhy!
Your headbutt misses the sixfirhy.
The sixfirhy is heavily wounded.
The sixfirhy barely misses you. The sixfirhy closely misses you.
You miss the sixfirhy. Your kick misses the sixfirhy.
Your headbutt misses the sixfirhy.
The sixfirhy is heavily wounded.
You miss the sixfirhy. You claw the sixfirhy.
The sixfirhy is moderately wounded.
The sixfirhy hits you but does no damage.
You closely miss the sixfirhy. Your kick misses the sixfirhy.
Your headbutt misses the sixfirhy.
The sixfirhy is moderately wounded.
The sixfirhy hits you! The sixfirhy shocks you! The sixfirhy misses you.
The sixfirhy hits you but does no damage.
The sixfirhy barely misses you.
You skewer the sixfirhy like a kebab!!!!
You kill the sixfirhy!
Okawaru accepts your kill.
K - 63 large rocks (gained 1)
K - 66 large rocks (gained 3)
What level of the Dungeon? (default 1, ? - help)
You see here a +0 dagger.
There is a stone staircase leading up here.
You climb upwards.
There is a stone staircase leading down here.
HP restored.
A shadow demon comes into view.
The shadow demon gives a loud, deep croak!
The shadow demon hits you!
You hammer the shadow demon like a gong!!!!
You kill the shadow demon!
Okawaru accepts your kill.
No target in view!
There is a staircase leading out of the dungeon here.
You have escaped!

............#....#.............#.
.................................
.....##...†##.#..................
.....##.....#.#.##...............
.........####.#.......##.........
..............##.##...##.........
.........######...######.........
###+###.####.........#####....###
........#.......@.......##....#
........####.....[...#####....###
.......#...####...#####..........
.......+...# ##.## #..........
...#+###...####..### #..........
......##...........# ##.........
......##...........#####.........
#......+.......................#.
#.#....#.........................


There were no monsters in sight!

Vanquished Creatures
  the Royal Jelly (Arena)
  5 dread liches
  Frederick (Vaults:3)
  Mara (Swamp:4)
  An ancient lich (Zot:5)
  5 orbs of fire (Zot:5)
  Xtahua (Depths:4)
  Boris (Depths:4)
  Vv (Zot:3)
  3 Killer Klowns (Zot:5)
  3 curse toes
  5 caustic shrikes (Depths:3)
  the Enchantress (Depths:4)
  11 golden dragons
  4 electric golems
  An Ice Fiend (D:12)
  18 tentacled monstrosities
  Rupert (Orc:1)
  2 walking frostbound tomes
  2 Hell Sentinels
  5 titans (Vaults:5)
  27 Orb Guardians
  2 deep elf master archers (Elf:3)
  A deep elf blademaster (Elf:2)
  3 liches
  The ghost of Osouwats the Executioner, an adept MiBe of Trog (Elf:2)
  7 sphinxes
  13 quicksilver dragons
  16 acid blobs
  8 death cobs
  Frances (Elf:1)
  3 thorn hunters
  5 tengu reavers
  8 shadow dragons
  6 azure jellies
  13 protean progenitors
  17 storm dragons
  9 draconian monks
  9 rockslimes
  9 draconian knights
  5 emperor scorpions
  3 fire giants
  16 frost giants
  19 vault wardens
  8 ghost moths
  A balrug (Depths:4)
  7 draconian shifters
  5 iron dragons
  10 deep elf sorcerers
  Louise (Elf:3)
  6 orc warlords
  6 draconian scorchers
  11 quicksilver oozes
  3 draconian stormcallers
  6 formless jellyfish
  A reaper (Gauntlet)
  6 spriggan defenders
  12 ironbound thunderhulks
  6 draconian annihilators
  23 ironbound preservers
  21 very ugly things
  A cacodemon (D:2)
  An eleionoma (Swamp:3)
  2 vampire knights
  4 broodmothers
  12 stone giants
  9 deep elf annihilators
  Nessos (Lair:5)
  6 deep elf death magi
  16 black draconians
  17 white draconians
  2 deep elf demonologists
  5 war gargoyles
  13 green draconians
  14 dire elephants
  4 bunyips
  19 purple draconians
  15 spark wasps
  A minotaur (Gauntlet)
  14 red draconians
  12 yellow draconians
  Snorg (Orc:2)
  17 ettins
  5 fire dragons
  An eidolon (Vaults:3)
  18 yaktaur captains
  7 entropy weavers
  6 deep elf high priests
  A rakshasa (Depths:2)
  A hell beast (Depths:1)
  3 jiangshi
  Fannar (Orc:1)
  Josephine (Lair:5)
  33 vault guards
  7 great orbs of eyes
  9 ice dragons
  3 peacekeepers
  A ghost crab (Swamp:4)
  A spark wasp (shapeshifter) (Vaults:5)
  8 spriggan air magi
  Erica (D:11)
  8 centaur warriors
  2 jorogumos
  3 ogre magi
  9 alligators
  6 boulder beetles
  24 hydras
  8 ironbound frosthearts
  2 two-headed ogres (shapeshifter)
  A merfolk aquamancer (D:15)
  11 two-headed ogres
  A bunyip (shapeshifter) (Elf:2)
  4 radroaches
  12 tengu warriors
  An occultist (Depths:2)
  7 deep troll shamans
  3 orc high priests (Orc:2)
  7 spriggan berserkers
  9 death scarabs
  4 vampire magi
  A hell hog (Depths:1)
  23 dancing weapons
  6 deep troll earth magi
  3 demonic crawlers
  Sonja (D:11)
  14 death yaks
  A sun demon (Depths:4)
  4 soul eaters
  16 deep elf knights
  7 skeletal warriors
  4 skysharks
  8 pharaoh ants
  3 sixfirhies
  8 goliath frogs
  10 iron trolls
  9 spriggan druids
  3 bog bodies
  3 death drakes (Depths:4)
  4 flayed ghosts
  The ghost of Laraso the Basher, a novice DsFi (D:6)
  5 arcanists
  A glowing orange brain (shapeshifter) (Elf:2)
  2 shadow demons
  33 deep trolls
  3 orb spiders
  A glowing orange brain (Vaults:1)
  14 swamp dragons
  3 large abominations (Depths:3)
  2 wolf spider zombies (Spider:4)
  A tengu zombie (Vaults:4)
  A spectral wolf spider (Spider:4)
  6 phantasmal warriors
  26 ironbound convokers
  8 steelbarb worms
  2 harpies (Vaults:3)
  14 deep elf archers
  3 necromancers
  8 lindwurms
  2 spectral jorogumos (Spider:4)
  14 orc knights
  23 deep elf pyromancers
  29 ugly things
  8 orc sorcerers
  23 deep elf zephyrmancers
  13 wolf spiders
  A human zombie (Vaults:4)
  A salamander (Depths:1)
  6 cyclopes
  2 manticores
  4 shining eyes
  5 will-o-the-wisps
  25 moths of wrath
  13 elephants (Lair:5)
  A stone giant skeleton (Vaults:4)
  3 water nymphs (D:15)
  A meliai (shapeshifter) (Vaults:5)
  Joseph (D:8)
  A centaur zombie (D:13)
  24 vault sentinels
  7 black mambas
  15 kobold blastminers
  An eye of devastation (Slime:5)
  6 torpor snails
  A water nymph (shapeshifter) (Vaults:5)
  An ice statue (IceCv)
  2 smoke demons
  2 centaur skeletons (D:13)
  2 orange demons
  21 cane toads
  7 rime drakes
  2 efreet
  15 komodo dragons
  3 unseen horrors
  22 yaktaurs
  A kobold demonologist (D:11)
  3 redback zombies (Spider:4)
  A freezing wraith (Vaults:2)
  7 tengu conjurers
  6 trolls
  3 merfolk (Zot:1)
  A polar bear (shapeshifter) (Elf:2)
  3 spectral jumping spiders (Spider:4)
  10 tyrant leeches
  A hellwing (Gauntlet)
  A wolf spider simulacrum (D:13)
  A spectral culicivora (Spider:4)
  22 hornets
  5 polar bears (IceCv)
  A jumping spider zombie (Spider:4)
  A blink frog (shapeshifter) (Elf:2)
  2 spectral tarantellas (Spider:4)
  27 tarantellas
  16 blink frogs
  A tarantella zombie (Spider:4)
  3 glass eyes
  An iron dragon simulacrum (Vaults:4)
  31 jumping spiders
  A spectral black mamba (Gauntlet)
  A human simulacrum (Vaults:4)
  95 slime creatures
  A water elemental (Elf:2)
  An air elemental (Elf:1)
  Sigmund (D:6)
  21 culicivoras
  A shadow (D:9)
  2 yaks (shapeshifter)
  2 centaur simulacra
  A culicivora (shapeshifter) (Elf:2)
  25 spriggans
  A wyvern (Lair:1)
  5 wraiths
  62 yaks
  5 basilisks
  23 vampire mosquitoes
  13 golden eyes
  4 fire elementals
  Grum (D:8)
  A neqoxec (Gauntlet)
  2 steam dragons
  10 chaos spawn
  A warg (Orc:2)
  Edmund (D:4)
  69 redbacks
  13 swamp worms
  An acid dragon (shapeshifter) (Elf:2)
  2 acid dragons
  17 water moccasins
  6 black bears
  42 orc warriors
  7 swamp drakes
  4 ice beasts
  4 laughing skulls
  9 wolves
  A tengu (shapeshifter) (Elf:2)
  13 ogres
  5 centaurs
  4 phantoms
  2 elf zombies (Elf:1)
  6 kobold brigands
  20 bullfrogs
  3 scorpions
  4 small abominations (Depths:3)
  5 earth elementals (Elf:3)
  7 wights
  A howler monkey (D:8)
  3 jellies
  A bombardier beetle (D:5)
  6 hounds
  18 orc priests
  4 gnoll boudas
  2 iguanas
  A sleepcap (D:5)
  Ijyb (D:5)
  A hell rat (Lair:1)
  22 orc wizards
  19 gnolls
  4 adders
  2 shadow imps (Gauntlet)
  12 white imps (D:13)
  2 ufetubi (D:5)
  4 dart slugs
  3 ribbon worms
  102 orcs
  7 endoplasms
  2 giant cockroaches (D:1)
  17 goblins
  24 hobgoblins
  3 jackals (D:3)
  33 kobolds
  A quokka (D:2)
  7 ball pythons
  9 bats
  7 frilled lizards
  3 rats
  6 aspiring fleshes
2391 creatures vanquished.

Vanquished Creatures (others)
  A shadow dragon (Zot:3)
  A deep elf knight (Elf:2)
  2 shadow wraiths
  A bloated husk (Swamp:1)
  A jumping spider (Spider:2)
  A water elemental (Elf:1)
  An elf zombie (Elf:1)
  An electric eel (D:15)
  2 orc wizards
  16 foxfires
27 creatures vanquished.

Grand Total: 2418 creatures vanquished

Notes
Turn   | Place    | Note
-------+----------+-------------------------------------------
     0 | D:1      | Ofeo the Oni Shapeshifter began the quest for the Orb.
     0 | D:1      | Reached XP level 1. HP: 19/19 MP: 1/1
    62 | D:1      | Reached XP level 2. HP: 28/28 MP: 2/2
   377 | D:1      | Reached XP level 3. HP: 27/35 MP: 3/3
   790 | D:1      | Found a faded altar of an unknown god.
  1094 | D:2      | Reached XP level 4. HP: 15/42 MP: 4/4
  1299 | D:2      | Found an iron altar of Okawaru.
  1648 | D:2      | You fall into a shaft and drop 2 floors!
  1732 | D:5      | Entered Level 5 of the Dungeon
  1732 | D:5      | Noticed a black bear
  1732 | D:5      | Noticed an ice beast
  1732 | D:5      | Noticed a phantom
  1740 | D:4      | Noticed a black bear
  1764 | D:4      | Killed a black bear
  1765 | D:4      | Reached skill level 5 in Shapeshifting
  1765 | D:4      | Reached XP level 5. HP: 49/49 MP: 5/5
  2022 | D:4      | Noticed a centaur
  2037 | D:4      | Killed a centaur
  2038 | D:4      | Reached XP level 6. HP: 38/57 MP: 6/6
  2110 | D:4      | Found a transporter.
  2382 | D:4      | Noticed Edmund
  2398 | D:4      | Killed Edmund
  2630 | D:4      | Reached XP level 7. HP: 52/63 MP: 7/7
  2867 | D:4      | Reached skill level 1 in Maces & Flails
  2886 | D:2      | Became a worshipper of Warmaster Okawaru
  3787 | D:4      | Found a transporter.
  3816 | D:4      | Found a snail-covered altar of Cheibriados.
  4354 | D:4      | Noticed an angel
  4355 | D:4      | Found a glowing silver altar of Zin.
  4650 | D:5      | Reached skill level 5 in Maces & Flails
  4650 | D:5      | Reached XP level 8. HP: 61/72 MP: 8/8
  4671 | D:5      | Reached * piety under Okawaru
  4770 | D:5      | Reached skill level 1 in Invocations
  4912 | D:5      | Noticed Ijyb
  4925 | D:5      | Killed Ijyb
  5117 | D:5      | Found Xoicuh's General Store.
  5126 | D:5      | Bought 2 potions of heal wounds for 130 gold pieces
  5315 | D:5      | Found an iron altar of Okawaru.
  5321 | D:5      | Found an ancient bone altar of Kikubaaqudgha.
  5388 | D:5      | Found a white marble altar of Elyvilon.
  5388 | D:5      | Found a sparkling altar of Nemelex Xobeh.
  5395 | D:5      | Found a shadowy altar of Dithmenos.
  5481 | D:5      | Reached ** piety under Okawaru
  5482 | D:5      | Reached skill level 5 in Invocations
  5518 | D:5      | Found an ornate altar of the Wu Jian Council.
  5663 | D:5      | Reached XP level 9. HP: 18/79 MP: 13/13
  5935 | D:6      | Found Mano Quetsa's Magic Scroll Boutique.
  6011 | D:6      | Noticed a two-headed ogre
  6060 | D:6      | Found a transporter.
  6062 | D:6      | Noticed Laraso's ghost (novice DsFi)
  6064 | D:6      | Found a transporter.
  6070 | D:6      | Found Karem's Assorted Antiques.
  6074 | D:6      | Noticed Sigmund
  6381 | D:6      | Found a sacrificial altar of Ru.
  6837 | D:6      | Bought 2 bubbling sapphire potions for 39 gold pieces
  7012 | D:6      | Found Ischepen's Armour Shop.
  7030 | D:6      | Reached *** piety under Okawaru
  7132 | D:6      | Found a staircase to the Ecumenical Temple.
  7381 | D:6      | Found Milupt's Antique Weapon Shoppe.
  7432 | D:6      | Found Hawaq's Armour Boutique.
  7584 | D:6      | Killed Sigmund
  8195 | D:7      | Reached skill level 10 in Maces & Flails
  8356 | D:7      | Reached XP level 10. HP: 52/85 MP: 14/14
  8666 | D:7      | Reached **** piety under Okawaru
  9314 | D:8      | Noticed Joseph
  9341 | D:8      | Killed Joseph
  9543 | D:8      | Noticed Grum
  9568 | D:8      | Killed Grum
  9765 | D:8      | Noticed Jeremiah
 10327 | D:9      | Found a staircase to the Orcish Mines.
 10430 | D:9      | Found a flagged portal.
 10440 | Bailey   | Entered a bailey
 10753 | Bailey   | Reached ***** piety under Okawaru
 11150 | Bailey   | Noticed an orc warlord
 11175 | Bailey   | Killed an orc warlord
 11176 | Bailey   | Reached XP level 11. HP: 80/94 MP: 8/15
 11209 | Bailey   | Reached XP level 12. HP: 98/132 MP: 13/16
 11350 | D:9      | Found a blossoming altar of Fedhas.
 11504 | D:9      | Found a glowing golden altar of the Shining One.
 11684 | D:9      | Found a staircase to the Lair.
 11854 | D:10     | Entered Level 10 of the Dungeon
 11902 | D:10     | Found a hazy altar of Hepliaklqana.
 12147 | D:10     | Found an opulent altar of Gozag.
 12956 | D:10     | Found a portal to a secret trove of treasure.
 13104 | D:11     | Noticed Erica
 13113 | D:11     | Killed Erica
 13532 | D:11     | Reached skill level 5 in Dodging
 13713 | D:11     | Found Lummilom's Distillery.
 13717 | D:11     | Noticed Sonja
 13735 | D:11     | Killed Sonja
 13738 | D:11     | Noticed a two-headed ogre
 13743 | D:11     | Killed a two-headed ogre
 13743 | D:11     | Received a gift from Okawaru
 14479 | Orc:1    | Entered Level 1 of the Orcish Mines
 14559 | Orc:1    | Noticed a sun demon
 14830 | Orc:1    | Noticed Fannar
 14839 | Orc:1    | Killed Fannar
 15558 | Orc:2    | Entered Level 2 of the Orcish Mines
 15567 | Orc:2    | Reached XP level 13. HP: 101/148 MP: 11/17
 15999 | D:6      | Bought the +5 moon troll leather armour {Spirit, Regen++
                  | MP+5} for 833 gold pieces
 15999 | D:6      | Found the +5 moon troll leather armour {Spirit, Regen++
                  | MP+5}
 16143 | Lair:1   | Entered Level 1 of the Lair of Beasts
 16146 | Lair:1   | Received a gift from Okawaru
 16181 | Lair:1   | Reached ****** piety under Okawaru
 16182 | Lair:1   | Reached skill level 15 in Fighting
 16182 | Lair:1   | Reached skill level 1 in Throwing
 16359 | Lair:1   | Acquired the +7 great mace "Firestarter" {flame, immolate,
                  | rFlCloud rF++}
 16359 | Lair:1   | Received a gift from Okawaru
 16359 | Lair:1   | Found the +7 great mace "Firestarter" {flame, immolate,
                  | rFlCloud rF++}
 16810 | Lair:1   | Reached skill level 2 in Throwing
 17450 | Lair:2   | Reached skill level 3 in Throwing
 17876 | Lair:2   | Reached skill level 4 in Throwing
 18158 | Lair:2   | Found a runed translucent door.
 18204 | Lair:2   | Received a gift from Okawaru
 18453 | Lair:2   | Reached skill level 5 in Throwing
 18457 | Lair:2   | Identified the +9 chain mail of Going Fast {Will+}
 18560 | Lair:2   | Identified the +7 trident of Gloom {flame, Dex+8}
 18562 | Lair:2   | Noticed Qoesoec's ghost (journeyman GrFi)
 18626 | Lair:2   | Found a staircase to the Swamp.
 19099 | D:6      | Killed Laraso's ghost
 19099 | D:6      | Received a gift from Okawaru
 19393 | Lair:3   | Reached skill level 15 in Maces & Flails
 19473 | Lair:3   | Reached XP level 14. HP: 133/163 MP: 17/18
 19587 | Lair:3   | Reached skill level 6 in Throwing
 19687 | Lair:3   | You fall into a shaft and drop 2 floors!
 19687 | Lair:5   | Entered Level 5 of the Lair of Beasts
 19707 | Lair:5   | Noticed Josephine
 19712 | Lair:5   | Killed Josephine
 19716 | Lair:5   | Noticed Nessos
 19817 | Lair:5   | Received a gift from Okawaru
 20044 | Lair:3   | Reached skill level 7 in Throwing
 20138 | Lair:3   | Found a hole to the Spider Nest.
 20739 | Lair:4   | Received a gift from Okawaru
 21217 | Lair:4   | Reached skill level 8 in Throwing
 22262 | Lair:5   | Received a gift from Okawaru
 22405 | Lair:5   | Reached XP level 15. HP: 143/178 MP: 16/19
 22635 | Lair:5   | Received a gift from Okawaru
 22706 | Lair:5   | Identified the ring of Vosun {Fire rElec Str+5 Int+3}
 22729 | Lair:5   | Killed Nessos
 23053 | Lair:5   | Found a staircase to the Slime Pits.
 23658 | Orc:2    | Noticed Rupert
 23659 | Orc:2    | Paralysed by an orc sorcerer for 4 turns
 23679 | Orc:1    | Killed Rupert
 23776 | Orc:1    | Received a gift from Okawaru
 25467 | Orc:2    | Found a staircase to the Elven Halls.
 25551 | Orc:2    | Noticed an orc warlord
 25563 | Orc:2    | Killed an orc warlord
 25701 | Orc:2    | Found Yderycva's General Store.
 25720 | Orc:2    | Bought a potion of haste for 110 gold pieces
 25720 | Orc:2    | Bought a potion of haste for 110 gold pieces
 25878 | Orc:2    | Noticed Snorg
 25888 | Orc:2    | Killed Snorg
 25891 | Orc:2    | Received a gift from Okawaru
 25892 | Orc:2    | Found Cyte's Distillery.
 25904 | Orc:2    | Bought a potion of might for 48 gold pieces
 25904 | Orc:2    | Bought a potion of might for 48 gold pieces
 26140 | Orc:2    | Found Cuuhom's Antique Armour Shoppe.
 26146 | Orc:2    | Found Kaovviet's Antique Weapon Emporium.
 27278 | D:13     | Found a frozen archway.
 27307 | IceCv    | Entered an ice cave
 27338 | IceCv    | Received a gift from Okawaru
 27396 | IceCv    | Reached XP level 16. HP: 186/195 MP: 20/20
 27768 | IceCv    | Received a gift from Okawaru
 27988 | D:13     | Reached skill level 1 in Evocations
 28684 | D:14     | Received a gift from Okawaru
 28991 | D:14     | Found a gate leading to a gauntlet.
 28996 | Gauntlet | Entered a Gauntlet
 28996 | Gauntlet | Found a transporter.
 28996 | Gauntlet | Found a large runed translucent door.
 28996 | Gauntlet | Found a large runed translucent door.
 28996 | Gauntlet | Found a large runed translucent door.
 28996 | Gauntlet | Found a large runed translucent door.
 28996 | Gauntlet | Found a runed translucent door.
 28996 | Gauntlet | Found a runed translucent door.
 28996 | Gauntlet | Found a large runed translucent door.
 28996 | Gauntlet | Found a large runed translucent door.
 28996 | Gauntlet | Found a large runed translucent door.
 28996 | Gauntlet | Found a large runed translucent door.
 28996 | Gauntlet | Found a large runed translucent door.
 28996 | Gauntlet | Found a large runed translucent door.
 28997 | Gauntlet | Found a large runed translucent door.
 28997 | Gauntlet | Found a large runed translucent door.
 28999 | Gauntlet | Found a large runed translucent door.
 28999 | Gauntlet | Found a large runed translucent door.
 28999 | Gauntlet | Found a large runed translucent door.
 28999 | Gauntlet | Found a large runed translucent door.
 29002 | Gauntlet | Found a runed translucent gate.
 29002 | Gauntlet | Found a runed translucent gate.
 29002 | Gauntlet | Found a runed translucent gate.
 29004 | Gauntlet | Found a transporter.
 29006 | Gauntlet | Found a transporter.
 29008 | Gauntlet | Found a transporter.
 29032 | Gauntlet | Found a transporter.
 29034 | Gauntlet | Found a transporter.
 29043 | Gauntlet | Found a transporter.
 29058 | Gauntlet | Found a transporter.
 29064 | Gauntlet | Found a transporter.
 29079 | Gauntlet | Found a transporter.
 29099 | Gauntlet | Found a transporter.
 29111 | Gauntlet | Found a transporter.
 29129 | Gauntlet | Found a transporter.
 29150 | Gauntlet | Found a transporter.
 29155 | Gauntlet | Found a transporter.
 29172 | Gauntlet | Found a transporter.
 29181 | Gauntlet | Found a transporter.
 29224 | Gauntlet | Found a transporter.
 29467 | Gauntlet | Got the Elucidation of Windy Charms
 29624 | Gauntlet | Identified the ring "Oqecuy" {^Contam Fly rElec rCorr
                  | Dex+2}
 29732 | Gauntlet | Identified the +8 war axe of Malaise {antimagic, ^Drain
                  | rPois rF+ rCorr}
 29872 | Gauntlet | Identified the staff of Shrieking Expedience {rElec Int+3
                  | Air}
 30397 | D:14     | Found a gate to the Vaults.
 30526 | D:14     | Received a gift from Okawaru
 30858 | D:15     | Entered Level 15 of the Dungeon
 31170 | D:15     | Found a staircase to the Depths.
 31331 | D:15     | Received a gift from Okawaru
 31332 | D:15     | Reached skill level 9 in Throwing
 31384 | D:15     | Found a shimmering altar of Xom.
 32395 | Swamp:1  | Entered Level 1 of the Swamp
 32563 | Arena    | Entered the Arena
 32563 | Arena    | HP: 2/198 [bunyip (39)]
 33139 | Swamp:1  | Received a gift from Okawaru
 33140 | Swamp:1  | Reached XP level 17. HP: 136/208 MP: 18/21
 34338 | Swamp:3  | Received a gift from Okawaru
 35197 | Swamp:3  | Identified the +5 plate armour of the Elephant {Rampage
                  | Int+3}
 35383 | Swamp:3  | Reached skill level 10 in Throwing
 35431 | Swamp:4  | Entered Level 4 of the Swamp
 35501 | Swamp:4  | Noticed Mara
 35510 | Swamp:4  | Killed Mara
 35513 | Swamp:4  | Received a gift from Okawaru
 35614 | Swamp:4  | Reached skill level 5 in Evocations
 36411 | Swamp:4  | Paralysed by a hornet for 2 turns
 36681 | Swamp:4  | Received a gift from Okawaru
 36879 | Swamp:4  | Reached XP level 18. HP: 182/221 MP: 20/22
 36897 | Swamp:4  | Identified the +2 robe of the Lemon {rCorr Slay-2 Archmagi}
 36910 | Swamp:4  | Received a gift from Okawaru
 37159 | Swamp:4  | Got a decaying rune of Zot
 37316 | Spider:1 | Entered Level 1 of the Spider Nest
 37375 | Spider:1 | Reached skill level 10 in Dodging
 37378 | Spider:1 | HP: 11/221 [jumping spider (4)]
 37688 | Spider:1 | Reached skill level 11 in Throwing
 38159 | Spider:1 | Received a gift from Okawaru
 38625 | Spider:1 | HP: 10/221 [poisoned by a wolf spider]
 38630 | Spider:1 | HP: 8/221 [poisoned by a wolf spider]
 40446 | Spider:2 | Received a gift from Okawaru
 41850 | Spider:3 | Received a gift from Okawaru
 43167 | Spider:4 | Entered Level 4 of the Spider Nest
 43838 | Spider:4 | Received a gift from Okawaru
 43874 | Spider:4 | Reached XP level 19. HP: 134/231 MP: 15/23
 44357 | Spider:4 | Reached skill level 12 in Throwing
 44845 | Spider:4 | Received a gift from Okawaru
 45085 | Spider:4 | HP: 6/227 [death scarab (22)]
 45893 | Spider:4 | Received a gift from Okawaru
 45992 | Spider:4 | Got a gossamer rune of Zot
 46405 | Vaults:1 | Entered Level 1 of the Vaults
 47180 | Vaults:1 | You are sucked into a shaft and drop 1 floor!
 47200 | Vaults:2 | Received a gift from Okawaru
 47749 | Vaults:2 | Reached skill level 13 in Throwing
 47986 | Vaults:2 | Found a huge runed translucent gate.
 47986 | Vaults:2 | Found a huge runed translucent gate.
 47986 | Vaults:2 | Found a huge runed translucent gate.
 47986 | Vaults:2 | Found a huge runed translucent gate.
 47986 | Vaults:2 | Found a huge runed translucent gate.
 47986 | Vaults:2 | Found a huge runed translucent gate.
 47986 | Vaults:2 | Found a huge runed translucent gate.
 47997 | Vaults:2 | Found a huge runed translucent gate.
 47997 | Vaults:2 | Found a huge runed translucent gate.
 47997 | Vaults:2 | Found a huge runed translucent gate.
 47997 | Vaults:2 | Found a huge runed translucent gate.
 47997 | Vaults:2 | Found a huge runed translucent gate.
 47998 | Vaults:2 | Found a huge runed translucent gate.
 47998 | Vaults:2 | Found a huge runed translucent gate.
 48004 | Vaults:2 | Found a huge runed translucent gate.
 48004 | Vaults:2 | Found a huge runed translucent gate.
 48008 | Vaults:2 | Found a huge runed translucent gate.
 48009 | Vaults:2 | Found a huge runed translucent gate.
 48010 | Vaults:2 | Found a huge runed translucent gate.
 48010 | Vaults:2 | Found a huge runed translucent gate.
 48075 | Vaults:2 | Found a huge runed translucent gate.
 48075 | Vaults:2 | Found a huge runed translucent gate.
 48075 | Vaults:2 | Found a huge runed translucent gate.
 48075 | Vaults:2 | Found a huge runed translucent gate.
 48075 | Vaults:2 | Found a huge runed translucent gate.
 48080 | Vaults:2 | Found a huge runed translucent gate.
 48081 | Vaults:2 | Found a huge runed translucent gate.
 48081 | Vaults:2 | Found a huge runed translucent gate.
 48081 | Vaults:2 | Found a huge runed translucent gate.
 48081 | Vaults:2 | Found a huge runed translucent gate.
 48083 | Vaults:2 | Found a huge runed translucent gate.
 48084 | Vaults:2 | Found a huge runed translucent gate.
 48085 | Vaults:2 | Found a huge runed translucent gate.
 48085 | Vaults:2 | Found a huge runed translucent gate.
 48118 | Vaults:2 | Received a gift from Okawaru
 48136 | Arena    | Entered the Arena
 48637 | Orc:2    | Bought a manual of Invocations for 880 gold pieces
 48853 | Vaults:1 | Reached XP level 20. HP: 201/245 MP: 25/26
 48867 | Vaults:1 | Reached skill level 10 in Invocations
 48892 | Vaults:1 | Received a gift from Okawaru
 49412 | Vaults:1 | Received a gift from Okawaru
 49494 | Vaults:1 | Reached skill level 15 in Invocations
 50290 | Vaults:1 | Found Warghum's Armour Emporium.
 50597 | Vaults:2 | Found a huge runed translucent gate.
 50603 | Vaults:2 | Found a huge runed translucent gate.
 51238 | Vaults:3 | Reached skill level 1 in Armour
 51543 | Vaults:3 | Received a gift from Okawaru
 51629 | Vaults:3 | Paralysed by a formless jellyfish for 1 turns
 51635 | Vaults:3 | Noticed a dread lich
 51707 | Vaults:3 | Killed a dread lich
 52421 | Vaults:3 | Received a gift from Okawaru
 52806 | Vaults:3 | Reached XP level 21. HP: 229/254 MP: 33/33
 52815 | Vaults:3 | Found a staircase to the Crypt.
 52972 | Vaults:3 | Received a gift from Okawaru
 53309 | Vaults:3 | Reached skill level 14 in Throwing
 53336 | Vaults:3 | Identified the orb of Bupn {*channel, rN+ Str+3}
 53336 | Vaults:3 | Noticed Frederick
 53347 | Vaults:3 | Killed Frederick
 53698 | Vaults:3 | Got the Grimoire of Hexes and the Wendigo
 54538 | Vaults:4 | Received a gift from Okawaru
 54578 | Vaults:4 | Reached skill level 5 in Armour
 55358 | Vaults:4 | Paralysed by a formless jellyfish for 1 turns
 55749 | Vaults:4 | Received a gift from Okawaru
 55897 | Vaults:4 | Found Yghemie's Book Shop.
 56408 | Elf:1    | Entered Level 1 of the Elven Halls
 56572 | Elf:1    | Noticed Frances
 56580 | Elf:1    | Killed Frances
 56776 | Elf:1    | Got Acwyos's Precepts of the Catacomb
 56814 | Elf:1    | Learned a level 2 spell: Blink
 56819 | Elf:1    | Learned a level 4 spell: Dimensional Bullseye
 56824 | Elf:1    | Learned a level 4 spell: Vhi's Electric Charge
 57176 | Elf:1    | Received a gift from Okawaru
 57694 | Elf:2    | Reached skill level 15 in Throwing
 57833 | Elf:2    | Found Idghuucw's Jewellery Shop.
 57875 | Elf:2    | Reached XP level 22. HP: 156/265 MP: 22/35
 58170 | Elf:2    | Received a gift from Okawaru
 58242 | Elf:2    | Found a runed translucent gate.
 58243 | Elf:2    | Found a runed translucent gate.
 58243 | Elf:2    | Found a runed translucent gate.
 58431 | Elf:2    | Received a gift from Okawaru
 58751 | Elf:2    | Noticed Osouwats's ghost (adept MiBe)
 58758 | Elf:2    | Found a transporter.
 58967 | Elf:2    | Found a transporter.
 59104 | Elf:2    | Killed Osouwats's ghost
 59128 | Elf:2    | Identified the ring of the Ancients {rCorr AC+4 Int-5
                  | Dex+4}
 59158 | Elf:2    | Identified the amulet of Roulyrph {Reflect *Corrode rC+++
                  | Will+ Int-2 Slay+4 SH+5}
 59223 | Elf:3    | Entered Level 3 of the Elven Halls
 60103 | Elf:3    | Noticed Louise
 60111 | Elf:3    | Killed Louise
 60222 | Elf:3    | Got the Handbook of Ointment
 60266 | Elf:3    | Reached skill level 16 in Throwing
 60585 | Elf:3    | Identified the +3 shortbow of Lust {freeze, rN+}
 60617 | Elf:3    | Received a gift from Okawaru
 60643 | Elf:3    | Got the Volume of the Sixfirhy
 60646 | Elf:3    | Identified the +3 war axe "Vaol" {holy, Will+ rCorr}
 60650 | Elf:3    | Got Niynext's Lessons on Blasphemous Ceremonies and the
                  | Crevasse
 60651 | Elf:3    | Identified the +8 trident "Soemisul" {pain, *Corrode Int+2
                  | Dex+3}
 60653 | Elf:3    | Got the Compilation of Burning and Companions
 60660 | Elf:3    | Identified the amulet "Fueph" {RegenMP Str+3}
 60673 | Elf:3    | Got the Volume of the Called Salvo
 60678 | Elf:3    | Identified the staff "Mumuck" {rElec Will+ Str+3 Dex-5 Air}
 60694 | Elf:3    | Identified the +0 tower shield of Pleasant Breezes {Rampage
                  | rPois Regen+ Str-4}
 60696 | Elf:3    | Identified the +5 scale mail of Entitlement {rCorr}
 60699 | Elf:3    | Identified the +0 scale mail "Aladyebb" {*Corrode rF++
                  | Dex+2}
 60702 | Elf:3    | Identified the +1 robe of Discretion {rF- Int-3 SInv
                  | Archmagi}
 60860 | Elf:3    | Found Sav Wotutao's Assorted Antiques.
 60868 | Elf:3    | Bought a potion of cancellation for 224 gold pieces
 60868 | Elf:3    | Bought a potion of resistance for 280 gold pieces
 61787 | Depths:1 | Entered Level 1 of the Depths
 61916 | Depths:1 | Found Teocio Aroja's Distillery.
 61927 | Depths:1 | Reached skill level 15 in Dodging
 61958 | Depths:1 | Bought a potion of curing for 54 gold pieces
 61958 | Depths:1 | Bought a potion of might for 72 gold pieces
 61958 | Depths:1 | Bought a potion of curing for 54 gold pieces
 61960 | Depths:1 | Found Exuesyd's Magic Scroll Emporium.
 61964 | Depths:1 | Bought a scroll of enchant armour for 135 gold pieces
 61964 | Depths:1 | Bought a scroll of enchant armour for 135 gold pieces
 61964 | Depths:1 | Bought a scroll of revelation for 135 gold pieces
 62461 | Depths:1 | Found a gateway to Hell.
 62694 | Depths:1 | Noticed a golden dragon
 62702 | Depths:1 | Killed a golden dragon
 62703 | Depths:1 | Received a gift from Okawaru
 62852 | Depths:1 | Identified the ring "Qibeasef" {rElec rC++ Int+6 Dex-5}
 63143 | Depths:2 | Reached XP level 23. HP: 212/274 MP: 31/37
 63506 | Depths:2 | Received a gift from Okawaru
 63519 | Depths:2 | Identified the +0 quarterstaff "Demon's Bane" {flame,
                  | ^Contam Will+ SInv}
 63519 | Depths:2 | Identified the +5 ring mail of Laph {+Inv rN+ Str-3 Int+3}
 63523 | Depths:2 | Noticed a golden dragon
 63541 | Depths:2 | Killed a golden dragon
 63542 | Depths:2 | Reached skill level 17 in Throwing
 64266 | Depths:2 | Received a gift from Okawaru
 64338 | Depths:2 | Found a one-way gate leading to the halls of Pandemonium.
 64520 | Depths:2 | Found an iron altar of Okawaru.
 64766 | Depths:2 | Found a one-way gateway to a ziggurat.
 66078 | Depths:3 | Found a hazy altar of Hepliaklqana.
 66480 | Depths:3 | Reached skill level 18 in Throwing
 66584 | Depths:3 | Identified the +1 ring mail of Free Will {Dex+3}
 66687 | Depths:3 | Received a gift from Okawaru
 66688 | Depths:3 | Reached XP level 24. HP: 111/283 MP: 23/38
 66688 | Depths:3 | Noticed a caustic shrike
 66689 | Depths:3 | Noticed a caustic shrike
 66691 | Depths:3 | Noticed a caustic shrike
 66691 | Depths:3 | Noticed a caustic shrike
 66692 | Depths:3 | Noticed a caustic shrike
 66698 | Depths:3 | Killed a caustic shrike
 66698 | Depths:3 | Killed a caustic shrike
 66699 | Depths:3 | Killed a caustic shrike
 66700 | Depths:3 | Killed a caustic shrike
 66701 | Depths:3 | Killed a caustic shrike
 67127 | Depths:3 | Found a one-way gate to the infinite horrors of the Abyss.
 67363 | Depths:4 | Entered Level 4 of the Depths
 67421 | Depths:4 | Noticed the Enchantress
 67437 | Depths:4 | Killed the Enchantress
 67446 | Depths:4 | Noticed Boris
 67455 | Depths:4 | Killed Boris
 67530 | Depths:4 | Noticed Xtahua
 67541 | Depths:4 | Killed Xtahua
 67590 | Depths:4 | Received a gift from Okawaru
 67731 | Depths:3 | Reached skill level 19 in Throwing
 68249 | Depths:4 | Found a runed translucent door.
 68249 | Depths:4 | Noticed strangelove's ghost (master GrEE)
 68499 | Depths:4 | Identified the +1 leather armour of Kagok {Rampage rF+ rC+
                  | Dex-2}
 69121 | Depths:4 | Reached skill level 1 in Spellcasting
 69123 | Depths:4 | Received a gift from Okawaru
 69129 | Depths:4 | Reached skill level 1 in Hexes
 69129 | Depths:4 | Reached skill level 1 in Translocations
 69324 | Depths:4 | HP: 14/283 [poison (poison gas)]
 70959 | Depths:4 | Found a gate to the Realm of Zot.
 71073 | Depths:4 | Received a gift from Okawaru
 71625 | Depths:4 | Reached skill level 5 in Spellcasting
 72322 | Depths:4 | Got the Reference Book on Correspondence and the Chill
 72966 | Slime:1  | Entered Level 1 of the Pits of Slime
 73095 | Slime:2  | Reached XP level 25. HP: 258/274 MP: 38/38
 73382 | Slime:1  | Reached skill level 5 in Hexes
 73382 | Slime:1  | Reached skill level 5 in Translocations
 73945 | Slime:5  | Entered Level 5 of the Pits of Slime
 73945 | Slime:5  | Found the +0 mask of the Dragon {Will+ Slay+3 SInv}
 73961 | Slime:5  | Found a viscous altar of Jiyva.
 73965 | Slime:5  | Gained mutation: Your health recovers twice as slowly from
                  | being drained. [a shining eye]
 73967 | Slime:5  | Gained mutation: You have sharp toenails. [a shining eye]
 74727 | Slime:5  | Received a gift from Okawaru
 74762 | Slime:5  | Gained mutation: You have hidden genetic defects. [a
                  | shining eye]
 74780 | Slime:5  | Lost mutation: Your health recovers twice as slowly from
                  | being drained. [potion of mutation]
 74780 | Slime:5  | Lost mutation: You have hidden genetic defects. [potion of
                  | mutation]
 74780 | Slime:5  | Gained mutation: Your body sometimes deteriorates upon
                  | taking damage. [potion of mutation]
 74780 | Slime:5  | Gained mutation: Your movements are slightly less
                  | encumbered by armour. (ER -2) [potion of mutation]
 74940 | Slime:5  | Noticed the Royal Jelly
 74944 | Arena    | Entered the Arena
 74960 | Arena    | Killed the Royal Jelly
 75279 | Slime:5  | Identified the +1 robe of Hoxirch {Harm Regen+ Slay+3}
 75280 | Slime:5  | Identified the +3 shortbow of Purpose {freeze, rC+ Dex+4}
 75294 | Slime:5  | Identified the +10 flail of the Pharaoh's Fist {protect,
                  | Fly rF- rC+ Str+3}
 75314 | Slime:5  | Got a slimy rune of Zot
 75350 | Slime:5  | Identified the +0 troll leather armour "Eroidd" {Regen+
                  | Dex+3}
 75396 | Slime:5  | Identified the +13 chain mail "Heeckirph" {-Tele MP+9
                  | Str+5}
 75831 | Vaults:4 | Upgraded the game from 0.31.0 to 0.31.0-2-g5a2aebc5c2
 76093 | Orc:2    | Bought a potion of haste for 120 gold pieces
 76093 | Orc:2    | Bought a potion of haste for 120 gold pieces
 76291 | Depths:1 | Bought a potion of resistance for 180 gold pieces
 76291 | Depths:1 | Bought a potion of mutation for 144 gold pieces
 76533 | D:5      | Bought a potion of ambrosia for 104 gold pieces
 76684 | D:11     | Bought a potion of curing for 33 gold pieces
 76684 | D:11     | Bought 2 potions of curing for 66 gold pieces
 76684 | D:11     | Bought a potion of mutation for 88 gold pieces
 76684 | D:11     | Bought 2 potions of haste for 220 gold pieces
 77087 | Vaults:5 | Entered Level 5 of the Vaults
 77132 | Vaults:5 | Noticed a dread lich
 77135 | Vaults:5 | Killed a dread lich
 77135 | Vaults:5 | Received a gift from Okawaru
 77662 | Vaults:5 | Identified the +3 great sword of the Fulmar {holy, Str+3
                  | Int-3}
 77662 | Vaults:5 | Identified the ring "Boosmuda" {rF+ MP+9 Int+2 Slay+2}
 77743 | Vaults:5 | Got a silver rune of Zot
 77761 | Vaults:5 | Got the Notes on Fulgurant Transmutation
 78032 | Vaults:5 | Reached skill level 10 in Armour
 78057 | Vaults:5 | Received a gift from Okawaru
 78383 | Vaults:5 | Found Siapao's Magic Scroll Emporium.
 78388 | Vaults:5 | Bought a scroll of blinking for 165 gold pieces
 78388 | Vaults:5 | Bought a scroll of blinking for 165 gold pieces
 78388 | Vaults:5 | Bought a scroll of revelation for 165 gold pieces
 78442 | Vaults:5 | Identified the +14 chain mail of Conscience {rElec Will+
                  | rCorr}
 78604 | Vaults:5 | Reached XP level 26. HP: 288/302 MP: 38/38
 78661 | Vaults:5 | Identified the +3 leather armour of Going Fast {rF+++ rN++
                  | Int-5}
 78714 | Vaults:5 | Received a gift from Okawaru
 78834 | Vaults:5 | Identified the ring "Yjatunt" {MP+9 Dex+4 Slay+5}
 79161 | Vaults:5 | Found Xojeinaech's Magic Scroll Shoppe.
 79165 | Vaults:5 | Bought a scroll of blinking for 142 gold pieces
 79221 | Vaults:5 | Reached skill level 20 in Throwing
 79649 | Vaults:5 | Found Erais's Weapon Shop.
 80244 | D:10     | You paid a toll of +4 storm dragon scales to enter a
                  | treasure trove
 80245 | Trove    | Entered a treasure trove
 80252 | Trove    | Identified the ring of Equilibrium {rF+ Dex+5 Stlth+}
 80255 | Trove    | Identified the ring of Ocy Kos {EV+5 Str+4}
 80259 | Trove    | Identified the amulet "Loteucru" {Spirit Fly rC+ Stlth+}
 80262 | Trove    | Identified the ring of Zin's Whim {rF+ Int+3}
 80265 | Trove    | Identified the ring "Sapp" {rPois rF+ rCorr Dex-4}
 80279 | Trove    | Identified the amulet of Iboaga {RegenMP rN+}
 80282 | Trove    | Identified the ring of the Equinox {Fly Int+6}
 80285 | Trove    | Identified the ring "Moijunuf" {rElec rF+ rC+ rCorr Slay-6}
 80419 | D:6      | Bought a scroll of brand weapon for 209 gold pieces
 80856 | Zot:1    | Entered Level 1 of the Realm of Zot
 82248 | Zot:1    | Received a gift from Okawaru
 84083 | Zot:2    | Reached skill level 21 in Throwing
 84530 | Zot:2    | Received a gift from Okawaru
 84619 | Zot:2    | Identified the +2 scimitar of Tortured True Grit {drain,
                  | Int+2}
 86115 | Zot:3    | Noticed Vv
 86128 | Zot:3    | Killed Vv
 86145 | Zot:3    | Reached XP level 27. HP: 237/312 MP: 38/38
 86718 | Zot:3    | Reached skill level 22 in Throwing
 87784 | Zot:3    | Identified a scroll of acquirement
 87794 | Zot:3    | Acquired 754 gold pieces
 88305 | Zot:4    | Received a gift from Okawaru
 88652 | Zot:4    | Reached skill level 23 in Throwing
 90071 | Zot:5    | Entered Level 5 of the Realm of Zot
 90881 | Zot:5    | Received a gift from Okawaru
 90923 | Zot:5    | Reached skill level 24 in Throwing
 90946 | Zot:5    | Noticed a dread lich
 90951 | Zot:5    | Killed a dread lich
 91007 | Zot:5    | Noticed an orb of fire
 91008 | Zot:5    | Killed an orb of fire
 91019 | Zot:5    | Noticed an orb of fire
 91021 | Zot:5    | Killed an orb of fire
 91021 | Zot:5    | Noticed an orb of fire
 91023 | Zot:5    | Gained mutation: You occasionally shout uncontrollably at
                  | your foes. [an orb of fire]
 91024 | Zot:5    | Gained mutation: Armour fits poorly on your strangely
                  | shaped body. [an orb of fire]
 91027 | Zot:5    | Killed an orb of fire
 91028 | Zot:5    | Received a gift from Okawaru
 91037 | Zot:5    | Noticed a dread lich
 91038 | Zot:5    | Noticed a dread lich
 91062 | Zot:5    | Noticed an orb of fire
 91068 | Zot:5    | Killed an orb of fire
 91069 | Zot:5    | Reached skill level 25 in Throwing
 91102 | Zot:5    | Killed a dread lich
 91292 | Zot:5    | Killed a dread lich
 91740 | Zot:5    | Received a gift from Okawaru
 91831 | Zot:5    | Noticed an ancient lich
 91837 | Zot:5    | Killed an ancient lich
 91920 | Zot:5    | Reached skill level 26 in Throwing
 91987 | Zot:5    | Noticed an orb of fire
 91991 | Zot:5    | Killed an orb of fire
 92500 | Zot:5    | Got the Orb of Zot
 92797 | D:15     | Noticed Xotapis the pandemonium lord
 93153 | D:$      | Escaped with the Orb!

Illustrated notes

Levels and vault maps discovered:
D:1:      dpeg_arrival_rhombus, layout_basic,
          shapermc_ecumenical_altar_mp_highgroup, minmay_cut_off
D:2:      layout_rooms, basic_altar
D:3:      layout_rooms, kennysheep_generic_room_5
D:4:      gammafunk_wand_slinger, layout_gridville, overflow_temple_1_default,
          zin_angel, grunt_tough_drop, uniq_edmund
D:5:      layout_cave_pools, nicolae_wu_jian_glorious_leap,
          nicolae_overflow_hallway_of_the_gods, serial_shops, shop, uniq_ijyb
D:6:      layout_cave_pods, mainiacjoe_overflow_chevrons,
          minmay_temple_entry_junction, serial_shops, nicolae_shop_statue_plus,
          shop, shop, nicolae_shop_overgrown_old_shop, nicolae_shop_scrapyard,
          gammafunk_ghost_arena, nicolae_grassy_gnolls, uniq_sigmund
D:7:      layout_rooms
D:8:      layout_gridville, lemuel_round_altar, kennysheep_mini,
          gammafunk_ghost_cemetery, nicolae_shop_sticking_my_neck_out,
          uniq_grum, uniq_joseph, uniq_psyche, uniq_jeremiah
D:9:      layout_basic, fedhas_altar_3, nicolae_tso_carved_into_rock,
          lair_entry_dummy, david_orc_3, enter_bailey_3
D:10:     layout_loops_cross, mainiacjoe_overflow_catwalk,
          nicolae_gozag_cash_rules_everything_around_me,
          nicolae_trove_entry_crossroad
D:11:     layout_stronghold, serial_shops, shop, uniq_erica, uniq_sonja
D:12:     layout_irregular_city
D:13:     layout_roguey, portal_ice_cave_entry_imps, grunt_decor_junction
D:14:     layout_loops_corners, hellmonk_vaults_attempted_burglary,
          gauntlet_entry_generic, chequers_decorated_corner
D:15:     grunt_enter_depths_giant_problem, layout_loops_ring, serial_rivers,
          chequers_serial_rivers_small_3, chequers_serial_rivers_micro_a,
          chequers_serial_rivers_micro_d, chequers_serial_rivers_micro_b,
          regret_index_xom_buried_treasure, nicolae_splish_splash
Lair:1:   gammafunk_lair_enchanted_lake, layout_cave_pods, grunt_megastairs_5
Lair:2:   cheibrodos_lair_overgrown_chateau, layout_chaotic_city,
          palyth_hydra_swamp_entry, ebering_ghost_funeral_grove
Lair:3:   layout_hall_layers, spider_nest_entry_web_field, lemuel_fruit_tree,
          grunt_megastairs_3, serial_bayou_shore_b
Lair:4:   layout_regular_city
Lair:5:   minmay_lair_end_frog_pond, layout_regular_city,
          dpeg_slime_entry_corner, hellmonk_talismancer,
          infiniplex_staircase_pool, uniq_nessos, uniq_josephine
Swamp:1:  layout_basic_swamp, evilmike_swamp_ruin_house_4, swamp_pool_1_2,
          hangedman_swamp_cone
Swamp:2:  layout_basic_swamp, nicolae_swamp_little_tower
Swamp:3:  layout_basic_swamp, nicolae_swamp_little_swirl
Swamp:4:  swamp_basic_johnstein, layout_basic_swamp, swamp_pool_1_2,
          nicolae_swamp_big_swirl, uniq_mara
Spider:1: layout_spider_delve
Spider:2: layout_spider_delve, hangedman_spider_tarantella_strand
Spider:3: layout_chambers, nicolae_spider_stair_cavern
Spider:4: floodkiller_spider_rune_tomb
Slime:1:  layout_caves
Slime:2:  layout_caves
Slime:3:  nicolae_slime_jelly_donut, layout_caves
Slime:4:  layout_caves
Slime:5:  slime_pit_nicolae_jellycorners
Orc:1:    layout_caves, uniq_fannar
Orc:2:    grunt_orc_community_town_hall, layout_caves,
          grunt_orc_community_big_house_2, grunt_orc_community_big_house_1,
          grunt_orc_community_house_2, grunt_orc_community_house_3,
          grunt_orc_community_house_2, grunt_orc_community_house_2,
          grunt_orc_community_house_1, uniq_rupert, uniq_snorg
Elf:1:    eino_elf_arrival_customs, layout_geoelf_grid, minmay_elf_necromancy,
          uniq_frances
Elf:2:    nicolae_elf_blades_crystal_corner, layout_loops_cross,
          gammafunk_ghost_berserking_beasts, serial_shops, shop
Elf:3:    minmay_elf_hall_statues, layout_onion_city, serial_shops, shop,
          minmay_elf_annihilation, uniq_louise
Vaults:1: hangedman_vaults_stagger, nicolae_vaults_twisting_passages, v_misc_22,
          dpeg_vaults_pockets_of_resistance, nicolae_vaults_frosty_reception,
          nicolae_vaults_weapon_check, ontoclasm_vaults_eye,
          layout_vaults_chaotic_city, serial_shops, nicolae_shop_statue_plus
Vaults:2: door_vault, v_misc_4, nicolae_vaults_closet_pinwheel_6,
          hangedman_vaults_stretched_pinwheel, nicolae_vaults_more_shelving_2,
          vaults_room_semicircle, v_pattern_2, v_misc_19,
          nicolae_vaults_surprise_closet, layout_vaults_quadrants
Vaults:3: nicolae_vaults_door_testing_chamber, minmay_crypt_entry_simple_box,
          nicolae_vaults_mush_room, ontoclasm_vaults_twist,
          hangedman_vaults_restitches, nicolae_vaults_meiosis,
          grunt_vaults_trifunnel, ontoclasm_vaults_tryst, v_misc_24,
          nicolae_vaults_storage_closets_1, nicolae_vaults_tetromino_L_1,
          layout_vaults_ring, uniq_frederick
Vaults:4: nicolae_vaults_heist, hangedman_vaults_hard_town_square,
          hangedman_vaults_stream, nicolae_vaults_octothorpe,
          hangedman_vaults_restitches, nicolae_vaults_swerve,
          nicolae_vaults_alarming, v_misc_13, ontoclasm_vaults_ring_small,
          vaults_mumra_hexcomb, vaults_mumra_minichess_inversion, v_misc_22,
          layout_vaults_maze_bifur, serial_shops, shop
Vaults:5
Depths:1: layout_cave_shapes, hellmouth_1, minmay_misc_feat_x,
          chequers_serial_rivers_micro_d, minmay_checkered_concentric_circles,
          minmay_shoptagon
Depths:2: grunt_x_marks_the_spot, layout_basic, enter_ziggurat_e, hell_entry,
          rand_demon_pan_entry_3, okawaru_trees_1
Depths:3: four-leaf_vault, layout_cross, minmay_room_of_horrors, hell_entry,
          nicolae_hepliaklqana_hazy_memory
Depths:4: lemuel_castle_with_subvaults [lemuel_castle_interior_carwin_3],
          layout_cave_shapes, chequers_serial_rivers_micro_e,
          ebering_ghost_inner_flame, lightli_too_deep, nicolae_triple_integral,
          uniq_enchantress, uniq_boris, uniq_xtahua
Zot:1:    layout_misc_corridors
Zot:2:    layout_basic, skrybe_zot_glass_3, st_single_dragon_hoard_3,
          hangedman_zot_decor_tridents, st_stairs_13
Zot:3:    layout_cathedral_of_symmetry, uniq_vv
Zot:4:    layout_onion_interference, grunt_megastairs_2
Zot:5:    layout_basic

Skill      XL: |  1  2  3  4  5  6  7  8  9 10 11 12 13 14 15 16 17 18 19 20 21 22 23 24 25 26 27 |
---------------+----------------------------------------------------------------------------------+-----
Dodging        | 2 6 7 8 9 10 12 13 15 16 17 | 17.3
Shapeshifting  | 4 5 6 7 |  7.0
Maces & Flails | 5 6 10 14 15 16 18 19 20 22 | 22.0
Invocations    | 6 9 17 19 20 22 | 22.0
Fighting       | 2 11 14 16 18 20 21 22 23 24 | 24.4
Throwing       | 5 8 9 10 11 13 15 16 18 19 21 26 | 26.5
Evocations     | 3 5 7 8 |  8.0
Armour         | 3 6 9 10 | 10.8
Spellcasting   | 5 6 |  6.0
Hexes          | 4 8 |  8.0
Translocations | 4 8 |  8.0
Unarmed Combat | |  2.8

Action                     |  1- 3 |  4- 6 |  7- 9 | 10-12 | 13-15 | 16-18 | 19-21 | 22-24 | 25-27 || total
---------------------------+-------+-------+-------+-------+-------+-------+-------+-------+-------++-------
  Melee: Unarmed           |   101 |    60 |       |       |       |       |    18 |       |       ||   179
         Headbutt          |    11 |     7 |    33 |    58 |   125 |   170 |   192 |   227 |   142 ||   965
         Punch             |     2 |     2 |     5 |     5 |       |       |       |       |       ||    14
         Flail             |       |     3 |   207 |   190 |       |       |       |       |       ||   400
         Giant club        |       |       |       |   200 |    18 |       |       |       |       ||   218
         Great mace        |       |       |       |       |   512 |   650 |   780 |   686 |   157 ||  2785
         Giant spiked club |       |       |       |       |    81 |    73 |    39 |    36 |   330 ||   559
         Kick              |       |       |       |       |       |       |       |       |   185 ||   185
   Fire: Orcbow            |       |     6 |     2 |       |       |       |       |       |       ||     8
  Throw: Boomerang         |       |       |     2 |     5 |       |       |     8 |    36 |    12 ||    63
         Large rock        |       |       |       |     1 |    10 |    40 |   237 |   370 |   659 ||  1317
         Dart              |       |       |       |     1 |       |       |       |       |       ||     1
         Javelin           |       |       |       |       |     1 |     6 |     3 |    59 |    34 ||   103
 Invoke: Heroism           |       |       |       |     6 |     2 |     3 |     6 |    13 |     7 ||    37
         Finesse           |       |       |       |     1 |       |     1 |     4 |     3 |     1 ||    10
         Receive Weapon    |       |       |       |       |     1 |       |       |       |       ||     1
         Duel              |       |       |       |       |       |     1 |     1 |       |     1 ||     3
Ability: Begin Untransform |       |       |       |       |       |       |     1 |       |       ||     1
  Evoke: Wand              |       |       |     2 |     9 |     2 |     1 |       |     2 |     1 ||    17
         Condenser vane    |       |       |       |       |       |       |       |     1 |       ||     1
    Use: Scroll            |     2 |     2 |    10 |     7 |    10 |     9 |     9 |     9 |    11 ||    69
         Potion            |       |     3 |       |     3 |     2 |    11 |     4 |     2 |    26 ||    51
   Stab: Sleeping          |       |       |     1 |       |       |       |       |       |       ||     1
         Confused          |       |       |       |       |       |       |     1 |       |       ||     1
         Distracted        |       |       |       |       |       |       |       |       |     2 ||     2
 Armour: Animal skin       |    59 |    48 |   164 |    21 |       |       |       |       |       ||   292
         Skin              |       |    18 |       |       |       |       |    12 |       |       ||    30
         Steam dragon scal |       |       |       |   129 |       |       |       |       |       ||   129
         Acid dragon scale |       |       |       |   178 |     6 |       |       |   263 |   751 ||  1198
         Troll leather arm |       |       |       |       |   727 |  1071 |   956 |   596 |       ||  3350
  Dodge: Dodged            |    43 |    33 |   123 |   181 |   328 |   463 |   492 |   478 |   552 ||  2693
  Block: Other             |       |       |       |       |       |       |       |   131 |   102 ||   233
         Reflection        |       |       |       |       |       |       |       |    12 |     7 ||    19
